 Dungeon Crawl Stone Soup version 0.27.1-1-g398f81649c (console) character file.

Game seed: 3220303611534807478

62 om the Sneak (level 3, -2/19 HPs)
             Began as a Vampire Enchanter on Sept 8, 2021.
             Slain by a scorpion (5 damage)
             ... on level 3 of the Dungeon.
             The game lasted 00:04:21 (2727 turns).

om the Sneak (Vampire Enchanter)                    Turns: 2727, Time: 00:04:21

Health: -2/19      AC:  2    Str:  8    XL:     3   Next: 85%
Magic:  1/6        EV: 16    Int: 17    God:
Gold:   66         SH:  0    Dex: 14    Spells: 1/7 levels left

rFire    . . .     SeeInvis +   a - +1 dagger
rCold    + + .     Faith    .   (no shield)
rNeg     + + +     Spirit   .   b - +0 robe
rPois    ∞         Reflect  .   (no helmet)
rElec    .         Harm     .   (no cloak)
rCorr    .         Rampage  .   (no gloves)
Will     .....                  (no boots)
Stlth    +++++.....             (no amulet)
HPRegen  0.00/turn              d - +4 ring of evasion
MPRegen  0.10/turn              (no ring)

@: bloodless, inhibited regen
A: bloodless, fangs 3, see invisible, vampiric 2
a: Bat Form, Revivify


You were on level 3 of the Dungeon.
You visited 1 branch of the dungeon, and saw 3 of its levels.

You collected 66 gold pieces.

Inventory:

Hand Weapons
 a - a +1 dagger (weapon)
Armour
 b - a +0 robe (worn)
Jewellery
 d - a +4 ring of evasion (left hand)
Wands
 f - a wand of flame (6)
Scrolls
 e - a scroll of holy word {unknown}
 g - a scroll of immolation {unknown}
Potions
 c - 2 potions of ambrosia {unknown}


   Skills:
 * Level 3.1 Short Blades
 - Level 2.1 Dodging
 + Level 5.3 Stealth
 + Level 2.5 Spellcasting
 - Level 4.4 Hexes


You had one spell level left.
You knew the following spells:

 Your Spells              Type           Power      Damage    Failure   Level
a - Corona                Hex            18%        N/A       3%          1
b - Ensorcelled Hibernat  Hex/Ice        18%        N/A       12%         2
c - Confusing Touch       Hex            17%        N/A       9%          3

Your spell library contained the following spells:

 Spells                   Type           Power      Damage    Failure   Level
 Tukima's Dance           Hex            17%        N/A       9%          3
 Dazzling Flash           Conj/Hex       18%        N/A       22%         3


Dungeon Overview and Level Annotations

Branches:
Dungeon (3/15)

Altars:
Qazlal


Innate Abilities, Weirdness & Mutations

You do not regenerate when monsters are visible.
You are frail without blood (-20% HP).
You can heal yourself when you bite living creatures.
You are immune to poison.
You have razor-sharp teeth.
You have supernaturally acute eyesight. (SInv)
You are afflicted with vampirism and can become a bat while bloodless.


Message History

Confirm with . or Enter, or press ? or * to list all spells.
Aiming: Ensorcelled Hibernation (safe; 12% risk of failure)
Press: ? - help, Shift-Dir - straight line, f - rat
Aim: a rat (chance to affect: 58%)
The rat resists with significant effort.
The rat closely misses you.
You hit the rat.
You kill the rat!
You start resting.
A scorpion is nearby!
Casting: Ensorcelled Hibernation (safe; 12% risk of failure)
Confirm with . or Enter, or press ? or * to list all spells.
Aiming: Ensorcelled Hibernation (safe; 12% risk of failure)
Press: ? - help, Shift-Dir - straight line, f - scorpion
Aim: a scorpion (wandering, hasn't noticed you, chance to affect: 40%)
The scorpion resists with some effort.
Casting: Ensorcelled Hibernation (safe; 12% risk of failure)
Confirm with . or Enter, or press ? or * to list all spells.
Aiming: Ensorcelled Hibernation (safe; 12% risk of failure)
Press: ? - help, Shift-Dir - straight line, f/p - scorpion
Aim: a scorpion (chance to affect: 40%)
The scorpion resists with some effort.
The scorpion stings you but does no damage.
The scorpion misses you.
Casting: Ensorcelled Hibernation (safe; 12% risk of failure)
Confirm with . or Enter, or press ? or * to list all spells.
You don't have enough magic to cast this spell.
Unknown command.
Casting: Ensorcelled Hibernation (safe; 12% risk of failure)
Confirm with . or Enter, or press ? or * to list all spells.
Aiming: Ensorcelled Hibernation (safe; 12% risk of failure)
Press: ? - help, Shift-Dir - straight line, f/p - scorpion
Aim: a scorpion (chance to affect: 40%)
The scorpion resists with some effort.
The scorpion stings you. The scorpion stings you. The scorpion stings you!
* * * LOW HITPOINT WARNING * * *
A ball python comes into view.
The scorpion stings you.
You die...

#.......# #.#
#......≈.≈.....#.# #<.....<#
#.###..............#.#
#....†.###........###.####.##.#
#....†............#
#.####.##.##
###..####.#######.#
#........... #..# ### ### ###
#########.## ####..# +.## +...#
......# ##..## ##...# ####.##
#....## #...## #.# ##.....##
##...# ####.# #...s@..## #...##
.....# #........## ##...#
###..# #...#......## #...##
#..# #...##......####...#.$
#..# #...# ##......##...##.#
#..# #... ##......#...#.. #..#
#...# ##........##.# ###..#
#S.. ##.......#..## .....#
##.....##s.. ...>## ..
##....#..## ##### .# ##..##...#


You could see a scorpion.

Vanquished Creatures
  An adder (D:2)
  An ufetubus (D:3)
  A worm (D:2)
  A dart slug (D:3)
  7 endoplasms
  2 giant cockroaches
  A goblin (D:3)
  3 hobgoblins
  2 quokkas (D:1)
  4 ball pythons
  7 bats
  4 frilled lizards
  2 kobolds
  5 rats
41 creatures vanquished.

Notes
Turn   | Place    | Note
-------+----------+-------------------------------------------
     0 | D:1      | om the Vampire Enchanter began the quest for the Orb.
     0 | D:1      | Reached XP level 1. HP: 13/13 MP: 3/3
   333 | D:1      | Reached XP level 2. HP: 15/15 MP: 5/5
   980 | D:1      | Learned a level 2 spell: Ensorcelled Hibernation
  1432 | D:2      | Reached skill level 5 in Stealth
  1485 | D:2      | Gained mutation: You are afflicted with vampirism and can
                  | become a bat while bloodless. [Vampire growth]
  1485 | D:2      | Reached XP level 3. HP: 19/19 MP: 6/6
  2056 | D:3      | Learned a level 3 spell: Confusing Touch
  2364 | D:3      | Found a faded altar of an unknown god.
  2505 | D:3      | Found a stormy altar of Qazlal.
  2575 | D:3      | Noticed a scorpion
  2727 | D:3      | Slain by a scorpion

Illustrated notes

Levels and vault maps discovered:
D:1:      dpeg_arrival_signposts, layout_basic
D:2:      layout_loops_corners
D:3:      minmay_razor_zed, layout_loops_ring, nicolae_qazlal_general_emergency,
          okawaru_gym_becter, basic_ecumenical_altar

Skill      XL: |  1  2  3 |
---------------+----------+-----
Short Blades   | 2 3 |  3.1
Stealth        | 5 |  5.3
Dodging        | |  2.1
Spellcasting   | |  2.5
Hexes          | |  4.4

Action                   || total
-------------------------++-------
Melee: Dagger            ||    68
       Bite              ||     3
 Cast: Corona            ||     3
       Ensorcelled Hiber ||    15
       Confusing Touch   ||     1
 Abil: Exsanguinate      ||     1
  Use: Scroll            ||     1
 Stab: Sleeping          ||    31
       Confused          ||     1
Armor: Robe              ||     6
Dodge: Dodged            ||    34
